 Dungeon Crawl Stone Soup version 0.27-a0-1324-ge0d8e047f6 (webtiles) character file.

Game seed: 18093799825275838924

144 dinky3 the Digger (level 5, -1/28 HPs)
             Began as a Kobold Earth Elementalist on June 24, 2021.
             Slain by Grinder (4 damage)
             ... on level 3 of the Dungeon.
             The game lasted 00:06:03 (1138 turns).

dinky3 the Digger (Kobold Earth Elementalist)       Turns: 1138, Time: 00:06:03

Health: -1/28      AC:  7    Str:  3 (6)  XL:     5   Next: 51%
Magic:  8/8        EV: 15    Int: 15 (17) God:
Gold:   49         SH:  0    Dex: 16 (17) Spells: 4/10 levels left

rFire    . . .     SeeInvis .   a - +0 dagger
rCold    . . .     Faith    .   (shield restricted)
rNeg     . . .     Spirit   .   b - +0 robe
rPois    .         Reflect  .   i - +2 helmet
rElec    .         Harm     .   k - +0 cloak
rCorr    .         Rampage  .   n - +0 pair of gloves
Will     .....                  (no boots)
Stlth    +++++.....             (no amulet)
HPRegen  0.09/turn              (no ring)
MPRegen  0.11/turn              (no ring)

@: brilliant, hasted, very quick
A: small, no large weapons, nightstalker 3, thin skeletal structure 1, low mp 1
a: no special abilities


You were on level 3 of the Dungeon.
You visited 1 branch of the dungeon, and saw 3 of its levels.

You collected 112 gold pieces.
You spent 63 gold pieces at shops.

Inventory:

Hand Weapons
 a - a +0 dagger (weapon)
 h - a +0 flail
Missiles
 c - 11 stones
Armour
 b - a +0 robe (worn)
 i - a +2 helmet (worn)
 k - a +0 cloak (worn)
 n - a +0 pair of gloves (worn)
Potions
 o - a potion of attraction {unknown}


   Skills:
 - Level 2.4 Dodging
 + Level 4.2 Stealth
 + Level 3.2 Spellcasting
 + Level 1.1 Conjurations
 - Level 1.0 Transmutations
 + Level 4.4 Earth Magic


You had 4 spell levels left.
You knew the following spells:

 Your Spells              Type           Power      Damage    Failure   Level
a - Sandblast             Erth           46%        2d11      3%          1
c - Stone Arrow           Conj/Erth      32%        3d9       19%         3
P - Passwall              Tmut/Erth      12%        N/A       10%         2

Your spell library contained the following spells:

 Spells                   Type           Power      Damage    Failure   Level
 Foxfire                  Conj/Fire      24%        2x1d5     16%         1
 Animate Skeleton         Necr           6%         N/A       21%         1
 Pain                     Necr           12%        1d4       21%         1
 Conjure Flame            Conj/Fire      6%         6-21      43%         3
 Inner Flame              Hex/Fire       3%         N/A       52%         3
 Vampiric Draining        Necr           1%         2d6       52%         3
 Petrify                  Tmut/Erth      15%        N/A       54%         4
 Sticky Flame             Conj/Fire      6%         2d3       83%         4
 Animate Dead             Necr           1%         N/A       89%         4
 Lee's Rapid Deconstruct  Erth           11%        3d9*      65%         5
 Agony                    Necr           3%         N/A       99%         5
 Fireball                 Conj/Fire      3%         3d4       99%         5


Dungeon Overview and Level Annotations

Branches:
Dungeon (3/15)

Altars:

Shops:
D:3 [

Annotations:
D:2 Terence
D:3 Grinder


Innate Abilities, Weirdness & Mutations

You are small and have problems with some larger weapons.
You are completely attuned to the shadows.
You have a somewhat thin skeletal structure. (Dex +2, Stealth+)
Your magical capacity is low. (-10% MP)


Message History

Grinder hits you.
You writhe in agony.
Grinder hits you!
You writhe in agony.
* * * LOW HITPOINT WARNING * * *
Grinder hits you.
* * * LOW HITPOINT WARNING * * *
You writhe in agony.
* * * LOW HITPOINT WARNING * * *
You can move again.
Unknown command.
It was a potion of curing.
You feel better.
Grinder grins, showing sharp teeth.
Grinder gestures at you. Pain shoots through your body!
* * * LOW HITPOINT WARNING * * *
You aren't carrying any items that you can evoke.
Okay, then.
As you read the scroll labelled GADAOBR SOTU, it crumbles to dust.
You assume a fearsome visage.
Grinder is unaffected.
It was a scroll of fear.
Grinder misses you.
As you read the scroll labelled SENUTHR VUODAUKH, it crumbles to dust.
The scroll dissolves into smoke.
It was a scroll of fog.
Grinder gestures at you. You resist with significant effort.
You feel better.
It was a potion of degeneration.
There was something very wrong with that liquid.
You feel weakened.
You feel dopey.
You feel clumsy. Grinder barely misses you.
It was a potion of mutation.
You feel extremely strange.
Your bones become slightly less dense.
You feel less energetic. Grinder hits you.
* * * LOW HITPOINT WARNING * * *
You writhe in agony.
* * * LOW HITPOINT WARNING * * *
Unknown command.
It was a potion of brilliance.
You feel clever all of a sudden. Grinder closely misses you.
It was a potion of haste.
You feel yourself speed up. Grinder hits you.
You die...

#.# #... #.# #.## #§#
#.# #§# #.# #§# #.#
#§# #.# #§# #.#
#§#################.#
#§§§5@§.............#
#####################


You could see Grinder.

Vanquished Creatures
  Jessica (D:3)
  Natasha (twice) (D:3)
  An iguana (D:2)
  A worm (D:2)
  A dart slug (D:2)
  4 endoplasms
  3 giant cockroaches (D:2)
  5 goblins
  2 hobgoblins (D:2)
  5 jackals (D:2)
  3 kobolds
  3 ball pythons
  4 bats
  2 frilled lizards (D:2)
  2 rats
39 creatures vanquished.

Notes
Turn   | Place    | Note
-------+----------+-------------------------------------------
     0 | D:1      | dinky3 the Kobold Earth Elementalist began the quest for
                  | the Orb.
     0 | D:1      | Reached XP level 1. HP: 10/10 MP: 3/3
   138 | D:1      | Reached XP level 2. HP: 15/15 MP: 0/5
   200 | D:2      | Noticed Terence
   266 | D:2      | Found a faded altar of an unknown god.
   268 | D:2      | Reached XP level 3. HP: 17/19 MP: 6/6
   347 | D:2      | Reached XP level 4. HP: 15/24 MP: 0/8
   506 | D:2      | Learned a level 2 spell: Passwall
   510 | D:2      | Learned a level 3 spell: Stone Arrow
   796 | D:3      | Noticed Natasha
   800 | D:3      | Killed Natasha
   808 | D:3      | Noticed Natasha
   814 | D:3      | Killed Natasha
   815 | D:3      | Reached XP level 5. HP: 13/28 MP: 3/9
   919 | D:3      | Noticed Jessica
   923 | D:3      | Killed Jessica
   924 | D:3      | Reached skill level 1 in Conjurations
  1052 | D:3      | Found Miemesim's Armour Shop.
  1058 | D:3      | Bought a +0 pair of gloves for 63 gold pieces
  1114 | D:3      | Noticed Grinder
  1119 | D:3      | Paralysed by Grinder for 5 turns
  1136 | D:3      | Gained mutation: You have a somewhat thin skeletal
                  | structure. (Dex +2, Stealth+) [potion of mutation]
  1136 | D:3      | Gained mutation: Your magical capacity is low. (-10% MP)
                  | [potion of mutation]
  1138 | D:3      | Slain by Grinder

Illustrated notes

Levels and vault maps discovered:
D:1:      psy_arrival_radial02, layout_basic, serial_shops, shop
D:2:      layout_basic, ebering_ecumenical_altar_box, uniq_terence
D:3:      layout_basic, gammafunk_temple_overflow_statue, serial_shops, shop,
          minmay_pentomino_pile, uniq_jessica, uniq_natasha, uniq_grinder

Skill      XL: |  1  2  3  4  5 |
---------------+----------------+-----
Stealth        | 3 4 |  4.2
Earth Magic    | 4 |  4.4
Spellcasting   | 3 |  3.2
Conjurations   | 1 |  1.1
Dodging        | |  2.4
Transmutations | |  1.0

Action                   |  1- 3 |  4- 6 || total
-------------------------+-------+-------++-------
Melee: Dagger            |    13 |    39 ||    52
 Cast: Sandblast         |    24 |    21 ||    45
       Passwall          |       |     1 ||     1
  Use: Potion            |       |     6 ||     6
       Scroll            |       |     2 ||     2
 Stab: Sleeping          |     6 |     7 ||    13
Armor: Robe              |     3 |     7 ||    10
Dodge: Dodged            |    24 |    45 ||    69

Table legend: (Time is in decaauts)
 A = Elapsed time spent in this place.
 B = Non-inter-level travel time spent in this place.
 C = Inter-level travel time spent in this place.
 D = Time resting spent in this place.
 E = Time spent auto-exploring this place.
 F = Levels seen in this place.
 G = Mean time per level.
                   A        B        C        D        E       F      G
               +--------+--------+--------+--------+--------+-----+--------+
         Total |   1138 |   1138 |      0 |      0 |      0 |   3 |  379.3 |
       Dungeon |   1138 |   1138 |      0 |      0 |      0 |   3 |  379.3 |
               +--------+--------+--------+--------+--------+-----+--------+

Top non-repeatable levels by time:
     D:3: 467 daAuts
     D:2: 437 daAuts
     D:1: 233 daAuts
